cohdb
Replays
Latest Replays
All Replays
Popular Replays
Top Player Replays
Match Explorer
How It Works
Community
CoH3 Stats
Reddit
Sign in to upload your games and track your stats! →
Sign in with Steam
Match 42803564
Unlisted
Match 42803564
Overview
Messages
Build Orders
End
Kradschützen Motorcycle Team
Panzergrenadier Squad
Panzergrenadier Squad
Construct Light Support Kompanie
Fire Support Elements
Selects Battlefield Espionage Battlegroup
Panzerjäger Squad
Flakvierling Half-track
Selects Intel Disruption Beacon
Vehicle Survival Package
2.5-tonne Medical Truck
Construct Mechanized Kompanie
StuG III D Assault Gun
Selects 250/3 Funkpanzerwagen
Emergency Repair Kits
Construct Panzerarmee Kommand
Selects Advanced Ambush Training
Selects Plunder
Rapid Advance
Panzer III L Medium Tank
Armored Reserves
Pak 38 Mechanized Group
Panzer III L Medium Tank
Tungsten Core Ammunition
Selects Firestorm
Flak 36 Anti-tank Gun Team
2.5-tonne Medical Truck
Tiger Heavy Tank
Firestorm
Panzerpioneer Squad
Panzer III L Medium Tank
Firestorm
Panzer IV Assault Group
Advanced Optics
Firestorm
StuG Assault Group
Panzer III L Medium Tank
Firestorm
Firestorm
Quantum Ash
Joraad
Zorlonn
Wooden Box Jon
hahaoy
Trumpchick
Slowp
TWEETY
0
0
Comments
sign in to comment!
No comments posted yet!